 Dungeon Crawl Stone Soup version 0.27-a0-1334-g2746e35aca (webtiles) character file.

Game seed: 281092211436914301

151048 Sobieck the Warrior (level 17, 0/211 HPs)
             Began as an Ogre Berserker on June 26, 2021.
             Was a High Priest of Trog.
             Slain by a naga (3 damage)
             ... on level 3 of the Snake Pit.
             The game lasted 01:26:01 (35113 turns).

Sobieck the Warrior (Ogre Berserker)               Turns: 35113, Time: 01:26:01

Health: 0/211      AC: 12    Str: 28    XL:     17   Next: 55%
Magic:  17/17      EV:  9    Int: 10    God:    Trog [*****.]
Gold:   2165       SH:  0    Dex:  8    Spells: 16/16 levels left

rFire    + . .     SeeInvis +   a - +10 giant spiked club (flame) {mace}
rCold    + + .     Faith    .   (shield currently unavailable)
rNeg     . . .     Spirit   .   H - +2 troll leather armour
rPois    +         Reflect  .   I - +2 hat {Will+}
rElec    .         Harm     .   J - +2 cloak {rPois}
rCorr    .         Rampage  .   (gloves unavailable)
Will     ++...                  (boots unavailable)
Stlth    +.........             t - amulet of Vitality {Regen+ HP+15}
HPRegen  2.45/turn              x - +4 ring of slaying
MPRegen  0.15/turn              i - ring "Jerojoff" {rF+ rC++ Str-2 Int+2 SInv}

@: weakened, on berserk cooldown, slowed, constricted, very slow
A: large, unfitting armour, tough skin 1
a: Renounce Religion, Berserk, Trog's Hand, Brothers in Arms


You were on level 3 of the Snake Pit.
You worshipped Trog.
Trog was extremely pleased with you.
You visited 5 branches of the dungeon, and saw 29 of its levels.
You visited 1 bazaar.
You also visited: Ice Cave.

You collected 2873 gold pieces.
You spent 708 gold pieces at shops.


Innate Abilities, Weirdness & Mutations

You are too large for most types of armour.
You have tough skin. (AC +1)


   Skills:
 + Level 18.9 Fighting
 * Level 18.9 Maces & Flails
 + Level 10.4 Throwing
 + Level 12.2 Dodging


You had 16 spell levels left.
You didn't know any spells.
Your spell library contained the following spells:

 Spells                   Type           Power      Damage    Failure   Level
 Animate Skeleton         Necr           0%         N/A       38%         1
 Foxfire                  Conj/Fire      0%         2x1d4     38%         1
 Magic Dart               Conj           0%         1d3       38%         1
 Pain                     Necr           0%         1d4       38%         1
 Shock                    Conj/Air       0%         1d3       38%         1
 Summon Small Mammal      Summ           0%         N/A       38%         1
 Blink                    Tloc           N/A        N/A       54%         2
 Call Imp                 Summ           0%         N/A       54%         2
 Slow                     Hex            0%         N/A       54%         2
 Static Discharge         Conj/Air       0%         N/A       54%         2
 Sublimation of Blood     Necr           0%         N/A       54%         2
 Call Canine Familiar     Summ           0%         N/A       77%         3
 Conjure Flame            Conj/Fire      0%         6-21      77%         3
 Gell's Gravitas          Tloc           0%         N/A       77%         3
 Ignite Poison            Fire/Tmut/Pois 0%         N/A       77%         3
 Inner Flame              Hex/Fire       0%         N/A       77%         3
 Lesser Beckoning         Tloc           0%         N/A       77%         3
 Mephitic Cloud           Conj/Pois/Air  0%         N/A       77%         3
 Summon Guardian Golem    Hex/Summ       0%         N/A       77%         3
 Swiftness                Air            0%         N/A       77%         3
 Teleport Other           Tloc           0%         N/A       77%         3
 Vampiric Draining        Necr           0%         2d6       77%         3
 Airstrike                Air            0%         N/A       99%         4
 Animate Armour           Summ/Erth      0%         N/A       99%         4
 Animate Dead             Necr           0%         N/A       99%         4
 Cause Fear               Hex            0%         N/A       99%         4
 Leda's Liquefaction      Hex/Erth       0%         N/A       99%         4
 Sticky Flame             Conj/Fire      0%         2d3       99%         4
 Summon Ice Beast         Ice/Summ       0%         N/A       99%         4
 Summon Lightning Spire   Summ/Air       0%         N/A       99%         4
 Agony                    Necr           0%         N/A       100%        5
 Bolt of Magma            Conj/Fire/Erth 0%         4d4       100%        5
 Borgnjor's Vile Clutch   Necr/Erth      0%         N/A       100%        5
 Excruciating Wounds      Necr           0%         N/A       100%        5
 Fireball                 Conj/Fire      0%         3d3       100%        5
 Lightning Bolt           Conj/Air       0%         1d11      100%        5
 Manifold Assault         Tloc           0%         N/A       100%        5
 Silence                  Hex/Air        0%         N/A       100%        5
 Yara's Violent Unravell  Hex/Tmut       0%         3d3       100%        5
 Iron Shot                Conj/Erth      0%         9d1       100%        6
 Starburst                Conj/Fire      0%         8x6d3     100%        6
 Statue Form              Tmut/Erth      0%         N/A       100%        6
 Discord                  Hex            0%         N/A       100%        8
 Ignition                 Fire           0%         3d3       100%        8
 Shatter                  Erth           0%         3d5*      100%        9

Inventory:

Hand Weapons
 a - a +10 giant spiked club of flaming (weapon) {mace}
   (Trog gifted it to you on level 4 of the Lair of Beasts)
 b - a +0 hunting sling of freezing {sling}
   (You found it on level 2 of the Dungeon)
 y - a +4 antimagic flail {mace}
   (Trog gifted it to you on level 3 of the Snake Pit)
Missiles
 d - 746 stones {throwing}
 h - 39 boomerangs (quivered) {throwing}
 l - 28 large rocks {=fthrowing}
 n - 43 poisoned darts {throwing}
 r - 16 bolts
 K - 10 throwing nets {=f!fthrowing}
 L - 193 sling bullets
 N - 8 datura-tipped darts {throwing}
 U - 7 boomerangs of dispersal {=f!fthrowing}
 V - 2 curare-tipped darts {=fthrowing}
Armour
 H - a +2 troll leather armour (worn)
   (You found it on level 12 of the Dungeon)
 I - a +2 hat of willpower (worn)
   (You acquired it on level 1 of the Lair of Beasts)
 J - a +2 cloak of poison resistance (worn)
   (You took it off Crazy Yiuf on level 6 of the Dungeon)
Jewellery
 i - the ring "Jerojoff" (right hand) {rF+ rC++ Str-2 Int+2 SInv}
   (You acquired it on level 3 of the Dungeon)

   [ring of see invisible]

   It affects your strength (-2).
   It affects your intelligence (+2).
   It protects you from fire.
   It greatly protects you from cold.
   It lets you see invisible.
 o - a ring of protection from cold
   (You found it on level 2 of the Dungeon)
 t - the amulet of Vitality (around neck) {Regen+ HP+15}
   (You found it on level 9 of the Dungeon)

   [amulet of regeneration]

   It affects your health (+15).
   It increases your rate of health regeneration.
 x - a +4 ring of slaying (left hand)
   (You took it off an orc wizard on level 15 of the Dungeon)
 C - a ring of ice
   (You took it off Fannar on level 3 of the Lair of Beasts)
 G - the ring "Heklicse" {rN+ Will+ Str+3 Int-3}
   (You acquired it on level 1 of the Lair of Beasts)

   [ring of positive energy]

   It affects your strength (+3).
   It affects your intelligence (-3).
   It protects you from negative energy.
   It increases your willpower.
 P - a ring of poison resistance
   (You found it on level 1 of the Snake Pit)
Wands
 v - a wand of iceblast (44)
   (You found it on level 4 of the Dungeon)
 E - a wand of mindburst (12)
   (You found it on level 3 of the Snake Pit)
 M - a wand of digging (9)
   (You found it on level 3 of the Lair of Beasts)
 Z - a wand of flame (46)
   (You took it off a kobold brigand on level 9 of the Dungeon)
Scrolls
 c - 2 scrolls of vulnerability {!r!r}
 g - a scroll of holy word
 j - 9 scrolls of teleportation {@r4}
 m - 7 scrolls of identify {@r1}
 p - 3 scrolls of magic mapping {!r}
 u - a scroll of brand weapon
 w - 3 scrolls of blinking {!r}
 F - 5 scrolls of immolation {!r!r}
 R - 5 scrolls of fog
Potions
 e - a potion of haste {@q3}
 f - 10 potions of curing {@q1}
 k - 7 potions of heal wounds {@q2}
 q - 8 potions of lignification {!q}
 s - 5 potions of attraction {!q}
 z - 2 potions of ambrosia
 B - 6 potions of mutation {!q}
 D - 3 potions of cancellation
 S - 5 potions of might
 Y - a potion of invisibility
Miscellaneous
 A - a phial of floods
   (You found it on level 9 of the Dungeon)
 W - a lightning rod (4/4)
   (You found it on level 12 of the Dungeon)

Dungeon Overview and Level Annotations

Branches:
Dungeon (15/15)            Temple (0/1) D:5            Lair (6/6) D:10
 Shoals (0/4) Lair:2        Snake (3/4) Lair:3          Orc (2/2) D:12
    Elf (3/3) Orc:2        Vaults (0/5) D:13         Depths (0/5) D:15
  IceCv (visited)
  Slime: Lair:5-6

Altars:
Dithmenos
Fedhas
Hepliaklqana
Kikubaaqudgha
Qazlal
Ru
Vehumet
Wu Jian
Xom

Shops:
D:4 :   D:5 **   D:7 [   D:13 *   D:14 [   Orc:1 (:(:   Orc:2 !(((   Elf:2 [
Snake:1 (

Annotations:
D:5 3 runed translucent doors, hatdisgam's ghost, novice HOFi
Elf:1 1 runed translucent door, Xihoome's ghost, veteran MiGl

******,*,* *,* #...##.#,**
*,# *......#,,*#**#######.#
*,.....##,...##..<....#
***.....#*.........####
**....#*...#.....## *
*,NNO**#**#......# *
**#N#****#####...# *
#@##...### #...# * #)#*.....#
##..# * ####.##.....# ##[###
#...........## #..÷.#
###..####....###§.§.#
#..####........§§§§
##....#...####§.§..
############....#.<.# #§.§##
#.........##....#####**#§§§#*


You could see a naga warrior, a salamander (strong), a naga (strong, ally
target) and a friendly ogre (summoned, berserk).


Message History

Things that are here:
a +0 shortbow of flaming {bow}; 23 arrows; a salamander corpse 😕 HP[-9]
You take 9 damage, and now have 293/316 hp.
You hit the naga. You burn the naga.
You kill the naga!
Trog accepts your kill. The naga warrior spits poison at you.
The splash of poison hits you. You resist. 😕 HP[-1]
You take 1 damage, and now have 292/316 hp.
You spit the salamander tyrant like a pig!!!
The salamander hits you from afar with a +0 spear.
You are engulfed in flames.
You resist. 😕 HP[-7]
You take 7 damage, and now have 285/316 hp.
You puncture the salamander tyrant!
The salamander tyrant gazes fiercely through you!
You feel as though you will be weak longer.
The salamander tyrant hits you but does no damage.
The salamander hits you from afar with a +0 spear!
You are engulfed in flames.
You resist. 😕 HP[-19]
You take 19 damage, and now have 266/316 hp.
You completely miss the salamander tyrant.
The naga barely misses you.
The salamander tyrant hits you but does no damage. 😕 HP[+1]
You crush the salamander tyrant like a grape!!!
You kill the salamander tyrant!
Trog accepts your kill.
Trog appreciates your killing of a magic user.
The salamander closely misses you. 😕 HP[+1]
You barely miss the naga warrior. The naga closely misses you. 😕 HP[+2]
You regained 2 hp, and now have 270/316 hp.
You impale the naga warrior!! You burn the naga warrior.
You are no longer berserk.
You are exhausted.
You feel yourself slow down. The salamander misses you. 😕 HP[-89]
You now have 211 max hp (-105).
You sock the naga warrior! You burn the naga warrior.
The naga warrior barely misses you. x2
The naga hits you from afar with a +0 glaive.
The salamander completely misses you.
The naga warrior hits you with a +1 dire flail of holy wrath!
The naga warrior grabs you.
The naga warrior constricts you. 😕 HP[-15]
You take 15 damage, and now have 166/211 hp.
You bludgeon the naga warrior!! You burn the naga warrior.
The naga hits you from afar with a +0 glaive!!
The salamander hits you from afar with a +0 spear!!
You are engulfed in flames.
You resist. The naga warrior spits poison at you.
The splash of poison hits you. You resist. The naga warrior constricts you.
The naga hits you from afar with a +0 glaive!!
* * * LOW HITPOINT WARNING * * *
😨 HP[-87]
You take 87 damage, and now have 79/211 hp.
MASSIVE DAMAGE!! (PAUSE)
You closely miss the naga warrior.
The salamander hits you from afar with a +0 spear.
* * * LOW HITPOINT WARNING * * *
You are engulfed in flames!
You resist.
* * * LOW HITPOINT WARNING * * *
The naga warrior barely misses you.
* * * LOW HITPOINT WARNING * * *
The naga warrior constricts you. The naga completely misses you.
The salamander hits you from afar with a +0 spear.
* * * LOW HITPOINT WARNING * * *
You are engulfed in flames.
You resist.
* * * LOW HITPOINT WARNING * * *
😨 HP[-21]
You take 21 damage, and now have 58/211 hp.
Okay, then.
You feel much better.
The naga warrior hits you with a +1 dire flail of holy wrath!!
* * * LOW HITPOINT WARNING * * *
x2 The naga warrior constricts you.
The naga barely misses you.
The salamander hits you from afar with a +0 spear!!
* * * LOW HITPOINT WARNING * * *
You are engulfed in flames!
You resist.
* * * LOW HITPOINT WARNING * * *
The naga warrior hits you with a +1 dire flail of holy wrath!!
* * * LOW HITPOINT WARNING * * *
x2 The naga warrior constricts you. 😱 HP[-56]
You take 56 damage, and now have 2/211 hp.
MASSIVE DAMAGE!! (PAUSE)
Your ogre goes berserk!
The naga barely misses you. The salamander barely misses you.
The naga warrior hits you but does no damage.
* * * LOW HITPOINT WARNING * * *
The naga warrior constricts you.
The naga hits you from afar with a +0 glaive.
You die...

Skill      XL: |  1  2  3  4  5  6  7  8  9 10 11 12 13 14 15 16 17 |
---------------+----------------------------------------------------+-----
Maces & Flails | 3 4 5 7 8 10 12 14 15 16 17 18 | 18.9
Dodging        | 3 4 5 7 8 10 11 12 | 12.2
Fighting       | 5 6 7 9 11 13 14 15 16 17 18 | 18.9
Throwing       | 4 6 8 9 10 | 10.4

Action                   |  1- 3 |  4- 6 |  7- 9 | 10-12 | 13-15 | 16-18 || total
-------------------------+-------+-------+-------+-------+-------+-------++-------
Melee: Mace              |    91 |       |       |       |       |       ||    91
       Flail             |    47 |    87 |   141 |       |       |       ||   275
       Giant spiked club |       |       |   117 |   466 |   730 |   424 ||  1737
 Fire: Hunting sling     |       |    25 |   106 |    64 |     8 |       ||   203
Throw: Dart              |    14 |     2 |    16 |    37 |       |       ||    69
       Boomerang         |       |       |     3 |     5 |   140 |     2 ||   150
       Large rock        |       |       |       |     3 |    28 |       ||    31
       Stone             |       |       |       |     3 |       |       ||     3
Invok: Berserk           |     2 |     4 |    11 |    20 |    17 |    18 ||    72
       Trog's Hand       |       |       |       |     2 |     3 |     1 ||     6
       Brothers in Arms  |       |       |       |     1 |     2 |     3 ||     6
  Use: Scroll            |     3 |     7 |    11 |    10 |    10 |     3 ||    44
       Potion            |       |       |       |       |     5 |     1 ||     6
Armor: Animal skin       |    64 |    21 |   129 |    74 |       |       ||   288
       Steam dragon scal |       |       |       |   222 |   118 |       ||   340
       Acid dragon scale |       |       |       |       |   306 |    43 ||   349
       Troll leather arm |       |       |       |       |       |    74 ||    74
Dodge: Dodged            |    85 |    59 |   242 |   376 |   536 |   229 ||  1527

Levels and vault maps discovered:
D:1:      grunt_arrival_lava_bath, layout_basic,
          shapermc_ecumenical_altar_starsandcircs, minmay_ruptured
D:2:      layout_basic
D:3:      layout_rooms
D:4:      layout_loops_ring, overflow_temple_1_default, serial_shops,
          nicolae_shop_statue_plus, minmay_diced_spiral
D:5:      layout_loops_ring, grunt_temple_overflow_open,
          minmay_temple_entry_nine_rooms, gammafunk_ghost_split,
          gup_sewer_entry_spiral, nicolae_specific_store
D:6:      layout_rooms, lemuel_doored_altar, lemuel_round_altar,
          amcnicky_altar_gilded, uniq_crazy_yiuf_cottage, uniq_edmund
D:7:      layout_cave_pools, serial_gnoll_camp, gnoll_camp_mini_house,
          grums_kennel, gnoll_camp_huts_moat, gnoll_camp_mini_shop
D:8:      layout_basic, kennysheep_another_room
D:9:      layout_irregular_city, lemuel_coloured_pillars_altar,
          nzn_hepliaklqana_mist_gate, minmay_joined_circles, uniq_joseph
D:10:     layout_cave_pools, minmay_lair_entry_grove, uniq_maurice
D:11:     layout_loops_corners, enter_bailey_5, chequers_big_river
D:12:     minmay_bloctagon, layout_basic, david_orc_4,
          hangedman_decor_clover_reticule
D:13:     layout_basic, ximxim_vaults_locker_room, guppyfry_shop_earth
D:14:     layout_long_grid, minmay_misc_feat_hallway, serial_shops,
          nicolae_shop_waterfront, uniq_kirke, uniq_josephine
D:15:     gammafunk_depths_entry_grave, layout_long_grid,
          hangedman_decor_peaks_small, uniq_rupert
Lair:1:   layout_hall_layers, infiniplex_staircase_pool
Lair:2:   layout_long_grid, elwin_shoals_entry_stream, gammafunk_lair_bear_cave
Lair:3:   layout_gridlike, guppyfry_snake_entry_garden, roderic_carrion_pond,
          lemuel_fruit_fields, uniq_fannar
Lair:4:   layout_cave_pods
Lair:5:   layout_hall_layers, grunt_megastairs_2
Lair:6:   hangedman_lair_in_review, layout_regular_city, slime_dummy,
          lightli_volcano_entry_magma_tube, worms_lemuel,
          minmay_lair_oklob_chamber
Snake:1:  layout_rooms, serial_shops, nicolae_shop_waterfront, uniq_nikola
Snake:2:  layout_gridlike, grunt_megastairs_1, uniq_roxanne
Snake:3:  layout_misc_corridors, serial_shops, bzr_in_the_mist,
          nicolae_snake_linked_coils
Orc:1:    layout_caves, serial_shops, shop, shop, shop, nicolae_diamond_shop
Orc:2:    grunt_orc_tribal_feast, layout_caves, portal_ice_cave_entry_pillars_1,
          uniq_jorgrun
Elf:1:    minmay_elf_arrival_summoners, layout_loops_corners, serial_glass,
          glass_columns_a, glass_columns_c, ebering_ghost_inner_flame,
          minmay_elf_necromancy
Elf:2:    layout_loops_cross, serial_shops, shop_fountains, uniq_louise
Elf:3:    nooodl_elf_gasket, layout_geoelf_grid, basic_altar

Notes
Turn   | Place    | Note
-------+----------+-------------------------------------------
     0 | D:1      | Sobieck the Ogre Berserker began the quest for the Orb.
     0 | D:1      | Reached XP level 1. HP: 24/24 MP: 1/1
     0 | D:1      | magus.rc [v1.9.6]
   121 | D:1      | Found a faded altar of an unknown god.
   174 | D:1      | Reached XP level 2. HP: 31/32 MP: 2/2
   337 | D:1      | Reached skill level 3 in Maces & Flails
   337 | D:1      | Reached skill level 3 in Dodging
   633 | D:1      | Reached XP level 3. HP: 34/40 MP: 3/3
   866 | D:1      | You fall into a shaft and drop 1 floor!
  1041 | D:1      | Reached ** piety under Trog
  2152 | D:2      | Reached XP level 4. HP: 21/49 MP: 4/4
  3098 | D:4      | Reached XP level 5. HP: 51/55 MP: 5/5
  3130 | D:3      | Identified a scroll of acquirement
  3130 | D:3      | Acquired the ring "Jerojoff" {rF+ rC++ Str-2 Int+2 SInv}
  3150 | D:4      | Found Pemump's Book Boutique.
  3220 | D:4      | Reached skill level 5 in Fighting
  3220 | D:4      | Reached skill level 4 in Maces & Flails
  3220 | D:4      | Reached skill level 4 in Dodging
  3376 | D:4      | Identified the +5 flail "Madawnegigi" {drain, *Noise rF+
                  | Int+6 Dex+2}
  3401 | D:5      | Entered Level 5 of the Dungeon
  3407 | D:4      | Found a shimmering altar of Xom.
  3572 | D:4      | Reached XP level 6. HP: 64/64 MP: 6/6
  3572 | D:4      | Reached *** piety under Trog
  3637 | D:5      | Found Zyonaiz's Specific Store.
  3818 | D:4      | Reached XP level 7. HP: 39/74 MP: 7/7
  4148 | D:4      | Reached skill level 5 in Maces & Flails
  4229 | D:4      | Reached skill level 6 in Fighting
  4229 | D:4      | Reached skill level 5 in Dodging
  4287 | D:5      | Found Otueshag's General Store.
  4301 | D:5      | Bought a scroll of blinking for 97 gold pieces
  4374 | D:5      | Found a shadowy altar of Dithmenos.
  4377 | D:5      | Found a blossoming altar of Fedhas.
  4379 | D:5      | Found a radiant altar of Vehumet.
  4567 | D:5      | Noticed hatdisgam's ghost (novice HOFi)
  4780 | D:5      | Reached XP level 8. HP: 61/84 MP: 8/8
  4880 | D:5      | Reached skill level 6 in Maces & Flails
  4946 | D:6      | Reached skill level 6 in Dodging
  4975 | D:5      | Reached skill level 7 in Fighting
  5050 | D:5      | Found a runed translucent gate.
  5050 | D:5      | Found a runed translucent gate.
  5050 | D:5      | Found a runed translucent gate.
  5953 | D:5      | Found a staircase to the Ecumenical Temple.
  6137 | D:6      | Noticed Edmund
  6155 | D:6      | Killed Edmund
  6472 | D:6      | Found a stormy altar of Qazlal.
  6722 | D:6      | Found a sacrificial altar of Ru.
  6729 | D:6      | Reached skill level 7 in Maces & Flails
  6729 | D:6      | Reached skill level 7 in Dodging
  6729 | D:6      | Reached XP level 9. HP: 94/94 MP: 9/9
  6818 | D:6      | Found a runed translucent door.
  6819 | D:6      | Noticed Crazy Yiuf
  6987 | D:6      | Found an ancient bone altar of Kikubaaqudgha.
  7123 | D:6      | Killed Crazy Yiuf
  7653 | D:7      | Reached skill level 8 in Fighting
  8205 | D:7      | Reached **** piety under Trog
  9025 | D:7      | Reached skill level 8 in Maces & Flails
  9039 | D:7      | Reached skill level 8 in Dodging
  9195 | D:7      | Reached skill level 9 in Fighting
  9319 | D:7      | Noticed Grum
  9322 | D:7      | Killed Grum
  9417 | D:7      | Reached XP level 10. HP: 107/107 MP: 10/10
  9512 | D:7      | Found Ranal's Antique Armour Boutique.
 10000 | D:9      | Reached skill level 9 in Maces & Flails
 10911 | D:9      | Identified the +4 spear "Voyt" {flame, Fragile rF++ Str+4}
 11313 | D:9      | Reached skill level 10 in Fighting
 11357 | D:9      | You pick up a book of Fire {forbidden} and begin reading...
 11357 | D:9      | You add the spells Ignite Poison, Fireball, Starburst and
                  | Ignition to your library.
 11629 | D:9      | Reached skill level 10 in Maces & Flails
 11859 | D:10     | Entered Level 10 of the Dungeon
 11999 | D:10     | Noticed a manticore
 12120 | D:9      | Reached skill level 11 in Fighting
 12131 | D:9      | HP: 21/113 [yak (12)]
 12603 | D:9      | Reached XP level 11. HP: 120/120 MP: 11/11
 12611 | D:9      | Reached skill level 11 in Maces & Flails
 12771 | D:9      | Noticed a manticore
 12785 | D:9      | Killed a manticore
 13360 | D:9      | Noticed a cyclops
 13369 | D:9      | Killed a cyclops
 13505 | D:9      | Found the amulet of Vitality {Regen+ HP+15}
 13542 | D:9      | Found a hazy altar of Hepliaklqana.
 13557 | D:9      | Noticed Joseph
 13570 | D:9      | Killed Joseph
 13571 | D:9      | Reached skill level 12 in Fighting
 13918 | D:9      | Found an ornate altar of the Wu Jian Council.
 14126 | D:10     | Noticed Maurice
 14322 | D:10     | Killed Maurice
 14349 | D:10     | Reached skill level 12 in Maces & Flails
 14480 | D:10     | Found a staircase to the Lair.
 14504 | D:10     | Killed a manticore
 14849 | D:12     | Noticed a centaur warrior
 14852 | D:12     | Noticed a purple ugly thing
 14858 | D:12     | Killed a centaur warrior
 14860 | D:12     | Noticed a centaur warrior
 14869 | D:12     | Killed a purple ugly thing
 14870 | D:12     | Reached skill level 13 in Fighting
 14879 | D:12     | Killed a centaur warrior
 14880 | D:12     | Reached XP level 12. HP: 92/136 MP: 12/12
 14893 | D:10     | HP: 36/151 [slime creature (9)]
 15133 | Lair:1   | Entered Level 1 of the Lair of Beasts
 15188 | Lair:1   | Reached skill level 13 in Maces & Flails
 15264 | Lair:1   | Acquired the ring "Heklicse" {rN+ Will+ Str+3 Int-3}
 15304 | Lair:1   | Reached ***** piety under Trog
 15673 | Lair:1   | Acquired a +2 hat of willpower
 16461 | Lair:1   | Identified the +7 giant spiked club "Guforiqe" {flame,
                  | Will+} (Trog gifted it to you on level 1 of the Lair of
                  | Beasts)
 16461 | Lair:1   | Received a gift from Trog
 16462 | Lair:1   | Reached skill level 14 in Fighting
 16812 | Lair:2   | Noticed an eight-headed hydra
 16819 | Lair:2   | Killed an eight-headed hydra
 16820 | Lair:2   | Reached skill level 14 in Maces & Flails
 17008 | Lair:2   | You pick up a book of Hexes {forbidden} and begin
                  | reading...
 17008 | Lair:2   | You add the spells Cause Fear, Yara's Violent Unravelling,
                  | Silence and Discord to your library.
 17068 | Lair:2   | Found a staircase to the Shoals.
 17576 | Lair:2   | Reached XP level 13. HP: 148/148 MP: 13/13
 17846 | Lair:3   | Reached skill level 15 in Fighting
 17877 | Lair:3   | You fall into a shaft and drop 2 floors!
 18066 | Lair:5   | Reached skill level 15 in Maces & Flails
 18154 | Lair:5   | Reached skill level 1 in Throwing
 18264 | Lair:6   | Entered Level 6 of the Lair of Beasts
 18375 | Lair:4   | Reached skill level 2 in Throwing
 18462 | Lair:3   | You pick up a book of Minor Magic {forbidden} and begin
                  | reading...
 18462 | Lair:3   | You add the spells Magic Dart, Blink, Call Imp, Slow,
                  | Conjure Flame and Mephitic Cloud to your library.
 18912 | Lair:4   | You pick up a book of Callings {forbidden} and begin
                  | reading...
 18912 | Lair:4   | You add the spells Summon Small Mammal, Call Canine
                  | Familiar, Summon Guardian Golem, Summon Lightning Spire and
                  | Summon Ice Beast to your library.
 19120 | Lair:4   | You pick up a book of Necromancy {forbidden} and begin
                  | reading...
 19120 | Lair:4   | You add the spells Pain, Animate Skeleton, Vampiric
                  | Draining, Animate Dead and Agony to your library.
 19223 | Lair:4   | Reached skill level 3 in Throwing
 19646 | Lair:3   | Noticed Fannar
 19654 | Lair:2   | magus.rc [v1.9.6]
 19662 | Lair:3   | Killed Fannar
 19734 | Lair:3   | You pick up a book of Air {forbidden} and begin reading...
 19734 | Lair:3   | You add the spells Shock, Static Discharge, Swiftness,
                  | Airstrike and Lightning Bolt to your library.
 19764 | Lair:3   | Found a staircase to the Snake Pit.
 20392 | Lair:4   | Received a gift from Trog
 21415 | D:11     | Reached skill level 4 in Throwing
 21415 | D:11     | Reached XP level 14. HP: 161/161 MP: 14/14
 21429 | D:11     | You pick up a book of Spatial Translocations {forbidden}
                  | and begin reading...
 21429 | D:11     | You add the spells Lesser Beckoning, Gell's Gravitas,
                  | Teleport Other and Manifold Assault to your library.
 21453 | D:11     | HP: 37/176 [death knight (16)]
 21463 | D:11     | Reached skill level 9 in Dodging
 21836 | D:11     | You pick up a book of Necromancy {forbidden} and begin
                  | reading...
 22012 | D:11     | You pick up a book of Air {forbidden} and begin reading...
 22650 | D:12     | Reached skill level 16 in Fighting
 22923 | D:12     | Reached skill level 16 in Maces & Flails
 22940 | D:12     | Reached skill level 5 in Throwing
 23108 | D:12     | Received a gift from Trog
 23109 | D:12     | W - a +3 executioner's axe {axerare=g}
 23110 | D:12     | You drop a +3 executioner's axe {axerare=g}.
 23111 | D:12     | W - a +3 executioner's axe {axerare=g}
 23147 | D:11     | You drop a +3 executioner's axe {axerare=g}.
 23371 | D:12     | Found a staircase to the Orcish Mines.
 24012 | D:13     | Found a gate to the Vaults.
 24302 | D:14     | Noticed Josephine
 24313 | D:13     | Killed Josephine
 24314 | D:13     | Reached skill level 6 in Throwing
 24655 | D:13     | Found Viankiuhuo's Pet Rocks.
 24685 | D:13     | Bought 3 large rocks for 29 gold pieces
 24685 | D:13     | Bought 5 large rocks for 49 gold pieces
 24898 | D:14     | Reached skill level 10 in Dodging
 24898 | D:14     | Reached XP level 15. HP: 171/171 MP: 15/15
 24899 | D:14     | Noticed Kirke
 24903 | D:14     | Killed Kirke
 25989 | D:15     | Entered Level 15 of the Dungeon
 26096 | D:14     | Found Fetepsegg's Armour Emporium.
 26139 | D:14     | Identified the +7 mace "Oteshriz" {antimagic, rF+ rC+ rN+
                  | Dex-5}
 26148 | D:14     | You pick up a book of Flames {forbidden} and begin
                  | reading...
 26148 | D:14     | You add the spells Foxfire, Inner Flame and Sticky Flame to
                  | your library.
 26515 | D:15     | Reached skill level 17 in Fighting
 26566 | D:15     | Noticed Rupert
 26574 | D:15     | Killed Rupert
 26575 | D:15     | Reached skill level 17 in Maces & Flails
 26575 | D:15     | Reached skill level 7 in Throwing
 26886 | D:15     | Found a staircase to the Depths.
 27402 | D:15     | magus.rc [v1.9.6]
 27567 | Orc:1    | Entered Level 1 of the Orcish Mines
 27567 | Orc:1    | Found Eqamyutist's Book Shop.
 27601 | Orc:2    | Entered Level 2 of the Orcish Mines
 27601 | Orc:2    | Noticed an orc warlord
 27636 | Orc:1    | Found Iruj's Weapon Emporium.
 27644 | Orc:1    | Found Tuediyt's Book Emporium.
 28072 | Orc:1    | Killed an orc warlord
 28205 | Orc:2    | Reached ****** piety under Trog
 28231 | Orc:2    | Received a gift from Trog
 28320 | Orc:2    | Found a frozen archway.
 28329 | IceCv    | Entered an ice cave
 28695 | IceCv    | Noticed a frost giant
 28706 | IceCv    | Killed a frost giant
 28707 | IceCv    | Reached skill level 8 in Throwing
 29087 | Orc:1    | Found Majelukhluq's Antique Weapon Shop.
 29232 | Orc:2    | Found a staircase to the Elven Halls.
 29540 | Orc:2    | Noticed Jorgrun
 29645 | Orc:2    | Killed Jorgrun
 29646 | Orc:2    | Reached XP level 16. HP: 184/184 MP: 16/16
 30133 | Orc:2    | Received a gift from Trog
 30134 | Orc:2    | Reached skill level 11 in Dodging
 30305 | Orc:2    | Found Pusapeg's Weapon Boutique.
 30305 | Orc:2    | Found Tixt's Distillery.
 30309 | Orc:2    | Found Qovvuly's Weapon Boutique.
 30309 | Orc:2    | Found Kagh's Antique Weapon Shoppe.
 30409 | Elf:1    | Entered Level 1 of the Elven Halls
 30562 | Elf:1    | Found a runed translucent door.
 30562 | Elf:1    | Noticed Xihoome's ghost (veteran MiGl)
 30853 | Elf:2    | Found Ruriw's Antique Armour Boutique.
 30931 | Elf:2    | Paralysed by an air elemental for 1 turns
 30936 | Elf:2    | HP: 69/300 [air elemental/stunning burst (17)]
 30938 | Elf:2    | Reached skill level 18 in Fighting
 31062 | Elf:3    | Entered Level 3 of the Elven Halls
 31101 | Elf:1    | Reached skill level 18 in Maces & Flails
 31194 | Elf:1    | Reached skill level 9 in Throwing
 31278 | Elf:1    | Identified the Guide on Unholy Rites
 31279 | Elf:1    | You add the spells Sublimation of Blood, Excruciating
                  | Wounds and Borgnjor's Vile Clutch to your library.
 31317 | Elf:1    | HP: 43/198 [deep elf archer/arrow (23)]
 31319 | Elf:1    | HP: 9/199 [deep elf archer/arrow (14)]
 31834 | Snake:1  | Entered Level 1 of the Snake Pit
 31921 | Snake:1  | Identified the +4 long sword "Felonkac" {drain, Str+5 SInv}
 31958 | Snake:1  | Found Fyfelum's Antique Weapon Emporium.
 32095 | Snake:1  | Noticed Nikola
 32153 | Snake:1  | Killed Nikola
 32153 | Snake:1  | Received a gift from Trog
 32321 | Snake:1  | Reached XP level 17. HP: 107/196 MP: 17/17
 32684 | Lair:3   | magus.rc [v1.9.6]
 32737 | Snake:3  | Found a flickering gateway to a bazaar.
 32749 | Bazaar   | Entered a bazaar
 32770 | Bazaar   | Found Passoafi's Magic Scroll Emporium.
 32770 | Bazaar   | Found Utiawkent's Assorted Antiques.
 32781 | Bazaar   | Bought a scroll of magic mapping for 35 gold pieces
 32781 | Bazaar   | Bought a scroll of blinking for 75 gold pieces
 32793 | Bazaar   | Found Abrey's Book Shoppe.
 32828 | Bazaar   | Found Saucoqov's Antique Armour Shoppe.
 32911 | Bazaar   | Bought 2 potions of curing for 198 gold pieces
 32911 | Bazaar   | Bought a potion of heal wounds for 165 gold pieces
 32917 | Bazaar   | Bought a scroll of teleportation for 30 gold pieces
 32917 | Bazaar   | Bought a scroll of teleportation for 30 gold pieces
 33163 | Snake:2  | You pick up a book of Necromancy {forbidden} and begin
                  | reading...
 33293 | Snake:2  | HP: 78/316 [naga warrior (30)]
 33298 | Snake:2  | HP: 36/316 [salamander (31)]
 33305 | Snake:2  | HP: 35/316 [salamander/arrow (8)]
 33442 | Snake:2  | Reached skill level 10 in Throwing
 33777 | Snake:2  | Noticed Roxanne
 33790 | Snake:2  | Reached skill level 12 in Dodging
 33927 | Snake:2  | Killed Roxanne
 33971 | Snake:2  | You pick up a book of the Earth {forbidden} and begin
                  | reading...
 33971 | Snake:2  | You add the spells Animate Armour, Leda's Liquefaction,
                  | Bolt of Magma, Statue Form, Iron Shot and Shatter to your
                  | library.
 34839 | Snake:3  | Received a gift from Trog
 35112 | Snake:3  | HP: 34/211 [salamander (19)]
 35112 | Snake:3  | HP: 7/211 [naga warrior (20)]
 35112 | Snake:3  | HP: 2/211 [naga warrior (5)]
 35113 | Snake:3  | Slain by a naga

Vanquished Creatures
  Nikola (Snake:1)
  Jorgrun (Orc:2)
  Rupert (D:15)
  Kirke (D:14)
  Roxanne (Snake:2)
  A frost giant (IceCv)
  An orc warlord (Orc:1)
  A juggernaut skeleton (D:15)
  A deep elf death mage (Elf:1)
  Josephine (D:13)
  4 naga warriors
  4 vault guards (D:13)
  Fannar (Lair:3)
  4 hydras
  2 boulder beetles
  7 anacondas
  A catoblepas (Lair:4)
  A salamander tyrant (Snake:3)
  8 centaur warriors
  A death knight (D:14)
  3 two-headed ogres
  A tengu warrior (D:15)
  5 shock serpents
  3 dancing weapons
  2 deep elf knights
  3 orc high priests (Orc:2)
  2 naga sharpshooters (Snake:1)
  6 large abominations (Elf:1)
  3 salamander mystics
  5 skeletal warriors
  4 naga ritualists
  A tengu zombie (D:15)
  2 phantasmal warriors
  4 necromancers
  6 deep elf archers (Elf:1)
  A lindwurm (Lair:3)
  A harpy (shapeshifter) (D:13)
  8 deep elf pyromancers
  10 deep elf zephyrmancers
  7 mana vipers
  A wolf spider (D:12)
  6 orc knights
  5 orc sorcerers
  2 ugly things
  2 elephants (Lair:5)
  4 manticores
  9 naga magi
  5 salamanders
  6 cyclopes
  Maurice (D:10)
  4 centaur zombies
  2 merfolk sirens (Lair:2)
  28 black mambas
  Joseph (D:9)
  A guardian serpent (Snake:2)
  A torpor snail (Lair:2)
  3 gargoyles (D:13)
  2 ice statues (IceCv)
  4 cane toads
  5 rime drakes
  A freezing wraith (D:13)
  An unseen horror (D:9)
  A kobold demonologist (D:12)
  6 komodo dragons
  19 polar bears
  2 merfolk (Lair:2)
  7 slime creatures
  7 trolls
  A hornet (D:9)
  A meliai zombie (D:11)
  3 blink frogs
  8 wyverns
  2 water elementals (Elf:2)
  An air elemental (Elf:2)
  10 wraiths
  2 shadows
  A spriggan skeleton (D:15)
  61 yaks
  A vampire (D:11)
  4 fire bats (Lair:3)
  8 humans (D:13)
  5 basilisks
  2 fire elementals
  A basilisk (shapeshifter) (D:13)
  3 hogs (D:14)
  Grum (D:7)
  3 steam dragons
  15 vampire mosquitoes
  Edmund (D:6)
  2 acid dragons
  4 wargs
  14 nagas
  20 water moccasins
  A human skeleton (D:15)
  24 orc warriors
  A sky beast (D:5)
  7 necrophages
  6 black bears
  2 ice beasts
  7 ogres
  18 centaurs
  30 wolves
  A phantom (D:6)
  4 kobold brigands (D:9)
  An elf zombie (Elf:1)
  12 bullfrogs
  5 gnoll sergeants
  A wyvern zombie (D:7)
  4 scorpions
  10 killer bees
  2 water moccasin skeletons
  4 howler monkeys
  5 wights (D:9)
  4 electric eels
  A bullfrog zombie (D:5)
  2 jellies
  12 hounds
  Crazy Yiuf (D:6)
  16 orc priests
  A gnoll shaman (D:7)
  2 iguanas
  20 orc wizards
  A killer bee zombie (D:9)
  A hound skeleton (D:5)
  2 howler monkey zombies
  23 gnolls
  2 river rats (D:5)
  8 adders
  3 adder skeletons (D:4)
  A worm (D:2)
  65 orcs
  9 ball pythons
  6 endoplasms
  4 giant cockroaches
  9 goblins
  2 hobgoblins
  12 jackals
  13 kobolds
  5 quokkas
  8 bats
  4 frilled lizards
  A jackal skeleton (D:4)
  6 rats
819 creatures vanquished.

Vanquished Creatures (collateral kills)
  A death knight (D:11)
  A naga sharpshooter (Snake:2)
  A salamander (Snake:2)
  4 elephants (Lair:5)
  A black mamba (Snake:2)
  A freezing wraith (D:11)
  3 killer bees (D:9)
12 creatures vanquished.

Vanquished Creatures (others)
  A deep elf archer (Elf:1)
  An orc sorcerer (Orc:2)
  An orc priest (Orc:2)
  An orc (Orc:2)
  10 fungi
  36 plants
  8 withered plants (D:15)
58 creatures vanquished.

Grand Total: 889 creatures vanquished

Table legend:
 A = Non-vault XP
 B = Vault XP
 C = Vault XP percentage of total XP
 D = Non-vault monster count
 E = Vault monster count
 F = Vault count percentage of total count
                 A         B        C        D         E       F
            +---------+---------+-------+---------+---------+-------
      Total |  139467 |   76317 |  35.4 |     569 |     262 |  31.5
            +---------+---------+-------+---------+---------+-------
        D:1 |      39 |       4 |   9.3 |      24 |       2 |   7.7
        D:2 |      32 |       0 |   0.0 |      11 |       0 |   0.0
        D:3 |      82 |       0 |   0.0 |      25 |       0 |   0.0
        D:4 |     414 |      10 |   2.4 |      25 |       3 |  10.7
        D:5 |     983 |      47 |   4.6 |      17 |       7 |  29.2
        D:6 |     742 |     204 |  21.6 |      13 |       2 |  13.3
        D:7 |     923 |    1272 |  57.9 |      15 |      37 |  71.2
        D:8 |     758 |       0 |   0.0 |      10 |       0 |   0.0
        D:9 |    4426 |    3115 |  41.3 |      33 |      21 |  38.9
       D:10 |    1386 |    1989 |  58.9 |      10 |      11 |  52.4
       D:11 |    5956 |       7 |   0.1 |      18 |       4 |  18.2
       D:12 |    7703 |    8465 |  52.4 |      28 |      32 |  53.3
       D:13 |    8484 |    8245 |  49.3 |      24 |      18 |  42.9
       D:14 |    5840 |    2988 |  33.8 |      14 |       6 |  30.0
       D:15 |    4047 |    8486 |  67.7 |      11 |       9 |  45.0
     Lair:1 |    4976 |       0 |   0.0 |      30 |       0 |   0.0
     Lair:2 |    6284 |    1990 |  24.1 |      28 |       7 |  20.0
     Lair:3 |    4749 |    1866 |  28.2 |      22 |       8 |  26.7
     Lair:4 |    5288 |       0 |   0.0 |      18 |       0 |   0.0
     Lair:5 |    6276 |    2031 |  24.4 |      19 |      10 |  34.5
     Lair:6 |     436 |       0 |   0.0 |       1 |       0 |   0.0
    Snake:1 |   19593 |    4082 |  17.2 |      36 |       1 |   2.7
    Snake:2 |   18068 |    2565 |  12.4 |      34 |       3 |   8.1
    Snake:3 |    9791 |       0 |   0.0 |      17 |       0 |   0.0
      Orc:1 |    5177 |    1522 |  22.7 |      38 |       5 |  11.6
      Orc:2 |    1946 |    8741 |  81.8 |      23 |      23 |  50.0
      Elf:1 |   11429 |    8920 |  43.8 |      18 |      17 |  48.6
      Elf:2 |    3639 |       0 |   0.0 |       7 |       0 |   0.0
      IceCv |       0 |    9768 | 100.0 |       0 |      36 | 100.0
            +---------+---------+-------+---------+---------+-------

Illustrated notes

Table legend:
 A = Kills in this place as a percentage of kills in entire the game.
 B = Kills by you in this place as a percentage of kills by you in the entire game.
 C = Kills by friends in this place as a percentage of kills by friends in the entire game.
 D = Other kills in this place as a percentage of other kills in the entire game.
 E = Experience gained in this place as a percentage of experience gained in the entire game.
 F = Experience gained in this place divided by the number of levels of this place that you have seen.
                   A       B       C       D       E      F
               +-------+-------+-------+-------+-------+----------------------
         Total | 100.0 | 100.0 | 100.0 |   N/A | 100.0 | 6960.8
       Dungeon |  51.7 |  51.9 |  41.7 |   N/A |  35.5 | 5109.8
          Lair |  17.2 |  17.0 |  33.3 |   N/A |  15.7 | 5649.3
     Snake Pit |  11.0 |  10.7 |  25.0 |   N/A |  25.1 | 18033.0
  Orcish Mines |  10.7 |  10.9 |   0.0 |   N/A |   8.1 | 8693.0
   Elven Halls |   5.1 |   5.1 |   0.0 |   N/A |  11.1 | 7996.0
      Ice Cave |   4.3 |   4.4 |   0.0 |   N/A |   4.5 | 9768.0
               +-------+-------+-------+-------+-------+----------------------

Table legend: (Time is in decaauts)
 A = Elapsed time spent in this place.
 B = Non-inter-level travel time spent in this place.
 C = Inter-level travel time spent in this place.
 D = Time resting spent in this place.
 E = Time spent auto-exploring this place.
 F = Levels seen in this place.
 G = Mean time per level.
                   A        B        C        D        E       F      G
               +--------+--------+--------+--------+--------+-----+--------+
         Total |  36137 |  33632 |   2505 |  10416 |  15552 |  31 | 1165.7 |
       Dungeon |  22616 |  21060 |   1556 |   7098 |   9717 |  15 | 1507.7 |
          Lair |   6178 |   5611 |    567 |    848 |   3550 |   6 | 1029.7 |
     Snake Pit |   3035 |   2867 |    168 |   1192 |    857 |   3 | 1011.7 |
  Orcish Mines |   2387 |   2273 |    114 |    848 |    917 |   2 | 1193.5 |
   Elven Halls |   1082 |    983 |     99 |    390 |    282 |   3 |  360.7 |
        Bazaar |    235 |    235 |      0 |      4 |      0 |   1 |  235.0 |
      Ice Cave |    601 |    601 |      0 |     34 |    228 |   1 |  601.0 |
               +--------+--------+--------+--------+--------+-----+--------+

Top non-repeatable levels by time:
     D:9: 2810 daAuts
     D:7: 2384 daAuts
    D:13: 1912 daAuts
     D:5: 1750 daAuts
 Snake:2: 1589 daAuts
    D:11: 1539 daAuts
  Lair:4: 1514 daAuts
     D:8: 1501 daAuts
     D:6: 1494 daAuts
   Orc:2: 1420 daAuts
  Lair:1: 1415 daAuts
  Lair:2: 1377 daAuts
     D:1: 1376 daAuts
    D:12: 1366 daAuts
    D:10: 1361 daAuts
